 Dungeon Crawl Stone Soup version 0.27.1 (webtiles) character file.

Game seed: 16948177575565269723

21 nxtlvl the Cutter (level 2, -5/18 HPs)
             Began as a Deep Elf Monk on Aug 30, 2021.
             Slain by Pikel (7 damage)
             ... on level 6 of the Dungeon.
             The game lasted 00:06:50 (541 turns).

nxtlvl the Cutter (Deep Elf Monk)                    Turns: 541, Time: 00:06:51

Health: -5/18      AC:  3    Str:  8    XL:     2   Next: 65%
Magic:  4/4        EV: 13    Int: 14    God:
Gold:   84         SH:  0    Dex: 17    Spells: 1/1 levels left

rFire    . . .     SeeInvis .   a - +0 quarterstaff
rCold    . . .     Faith    .   (shield currently unavailable)
rNeg     . . .     Spirit   .   c - +0 leather armour
rPois    .         Reflect  .   (no helmet)
rElec    .         Harm     .   (no cloak)
rCorr    .         Rampage  .   (no gloves)
Will     .....                  (no boots)
Stlth    ++........             (no amulet)
HPRegen  0.06/turn              (no ring)
MPRegen  0.09/turn              (no ring)

@: about to teleport
A: no striking features
a: no special abilities


You were on level 6 of the Dungeon.
You visited 1 branch of the dungeon, and saw 4 of its levels.

You collected 84 gold pieces.

Inventory:

Hand Weapons
 a - a +0 quarterstaff (weapon)
 b - a +0 hunting sling
 w - a +0 short sword
Missiles
 d - 5 curare-tipped darts (quivered)
 e - 46 arrows
 f - 33 stones
Armour
 c - a +0 leather armour (worn)
Magical Staves
 j - a staff of conjuration
Jewellery
 i - a ring of positive energy
Scrolls
 h - a scroll of blinking {unknown}


   Skills:
 - Level 2.4 Fighting
 + Level 3.8 Short Blades
 * Level 0.9 Staves
 - Level 3.6 Dodging
 - Level 2.4 Stealth


You had one spell level left.
You didn't know any spells.
Your spell library was empty.

Dungeon Overview and Level Annotations

Branches:
Dungeon (3/15)

Altars:
Nemelex Xobeh
Wu Jian

Annotations:
D:6 Pikel


Message History

Found an ornate altar of the Wu Jian Council.
Found 11 gold pieces.
Found a stone staircase leading down.
Found a morningstar.
You now have 84 gold pieces (gained 11).
You see here a +0 morningstar.
Found a quarterstaff.
You see here a +0 quarterstaff.
Found 11 gold pieces.
An iguana comes into view.
You fall into a shaft and drop 3 floors!
The shaft crumbles and collapses.
You hear the sound of rushing water.
There is an entrance to a sewer on this level.
Hurry and find it before the portal rusts away!
An iguana, 2 gnolls, 4 lemures and Pikel come into view.
Pikel is wielding a +1 whip of flaming.
Pikel shouts!
The lemure shouts!
You hear a shout!
Found 32 stones.
Found a stone staircase leading down and a stone staircase leading up.
Okay, then.
A gnoll comes into view. It is wielding a +0 flail.
Pikel cracks his whip.
A bullfrog zombie comes into view.
Pikel says, "All the demons know me.
They respect me."
As you read the scroll labelled RILUUN BAQE, it crumbles to dust.
You feel strangely unstable.
It was a scroll of teleportation.
The bullfrog zombie hits you. Pikel closely misses you.
You hit Pikel.
Pikel is lightly wounded.
The bullfrog zombie barely misses you.
Pikel hits you with a +1 whip of flaming.
Pikel burns you.
* * * LOW HITPOINT WARNING * * *
You aren't carrying any potions.
You hit Pikel but do no damage.
Pikel is lightly wounded.
The bullfrog zombie hits you.
* * * LOW HITPOINT WARNING * * *
Pikel hits you with a +1 whip of flaming!
You die...

#. #.## #...
####..##########
........g.....#
#...#####g##g###
###.>.# #..5.55#
.....5#####..###K#
.<...5K.g.5..# #@#
..#.55##.##(.# #Z#
....5.##.##......#
..#l#.##.##.##.#.#
.###........##.#.#
# ..######## ###
#.## .#


You could see Pikel, 2 lemures, a gnoll and a bullfrog zombie.

Vanquished Creatures
  4 endoplasms
  2 goblins
  2 hobgoblins
  A quokka (D:2)
  A ball python (D:2)
  4 bats
  3 frilled lizards
  2 kobolds
  A rat (D:1)
20 creatures vanquished.

Notes
Turn   | Place    | Note
-------+----------+-------------------------------------------
     0 | D:1      | nxtlvl the Deep Elf Monk began the quest for the Orb.
     0 | D:1      | Reached XP level 1. HP: 13/13 MP: 3/3
   180 | D:2      | Reached XP level 2. HP: 7/18 MP: 4/4
   343 | D:3      | Found a sparkling altar of Nemelex Xobeh.
   480 | D:3      | Found an ornate altar of the Wu Jian Council.
   522 | D:3      | You fall into a shaft and drop 3 floors!
   522 | D:6      | Noticed Pikel
   522 | D:6      | Noticed a lemure
   522 | D:6      | Noticed a lemure
   522 | D:6      | Noticed a lemure
   522 | D:6      | Noticed a lemure
   541 | D:6      | Slain by Pikel

Illustrated notes

Levels and vault maps discovered:
D:1:      dpeg_arrival_rooms_with_view, layout_rooms
D:2:      layout_basic, shapermc_ecumenical_altar_mp_vishouse
D:3:      layout_basic, mainiacjoe_overflow_small_starburst,
          pdpol_wu_jian_five_deadly_venoms, ebering_ghost_disaster_area
D:6:      layout_loops_ring, jmf_multi_god_temple, portal_sewer_entry_f,
          lightli_church_of_beogh, uniq_pikel

Action                   || total
-------------------------++-------
Melee: Short sword       ||    43
       Quarterstaff      ||    18
 Fire: Hunting sling     ||    11
  Use: Scroll            ||     1
 Stab: Sleeping          ||     2
Armor: Leather armour    ||    15
       Robe              ||     1
Dodge: Dodged            ||    41
